 Dungeon Crawl Stone Soup version 0.29-a0-319-gad05b8d819 (webtiles) character file.

Game seed: 669907231152611046

10339 Flugkiller the Cleaver (level 11, -2/96 (104) HPs)
             Began as a Mayflytaur Chaos Knight on Apr 1, 2022.
             Was a Plaything of Xom.
             Slain by a sun demon (11 damage)
             ... on level 2 of the Abyss.
             The game lasted 00:24:30 (3818 turns).

Flugkiller the Cleaver (Mayflytaur Chaos Knight)    Turns: 3818, Time: 00:24:30

HP:   -2/96 (104)   AC: 14    Str: 16      XL:     11   Next: 60%
MP:   15/15         EV: 14    Int: 14      God:    Xom [.....*]
Gold: 993           SH: 10    Dex: 17 (18) Spells: 8/14 levels left

rFire   . . .      SeeInvis .   K - +1 war axe (freeze)
rCold   . . .      Faith    .   N - +0 kite shield
rNeg    . . .      Spirit   .   h - +4 plate armour
rPois   .          Reflect  .   i - +0 helmet
rElec   .          Harm     .   (no cloak)
rCorr   .          Rampage  .   k - +2 pair of gloves
Will    +....                   (no boots)
Stlth   ..........              (no amulet)
HPRegen 0.26/turn               v - +4 ring of evasion
MPRegen 0.28/turn               u - +4 ring of evasion

@: about to teleport, spiked, corroded, flying, drained
A: damage resistance, big wings, sense surroundings 2, magic regeneration, short
lifespan, agile 1, noise suppression
a: Renounce Religion


You were on level 2 of the Abyss.
You worshipped Xom.
You were Xom's teddy bear.
You visited 2 branches of the dungeon, and saw 11 of its levels.
You visited the Abyss 1 time.

You collected 993 gold pieces.

Inventory:

Hand Weapons
 F - a +1 vampiric whip
   (You took it off an orc priest on level 6 of the Dungeon)
 H - a +4 hand axe
   (You took it off an orc on level 7 of the Dungeon)
 K - a +1 war axe of freezing (weapon)
   (You took it off a wight on level 7 of the Dungeon)
 M - a +1 war axe
   (You took it off a wight on level 8 of the Dungeon)
Missiles
 j - 4 silver javelins
 y - 11 boomerangs (quivered)
Armour
 h - a +4 plate armour (worn)
   (You found it on level 7 of the Dungeon)
 i - a +0 helmet (worn)
   (You found it on level 2 of the Dungeon)
 k - a +2 pair of gloves (worn)
   (You found it on level 2 of the Dungeon)
 B - a scarf of shadows
   (You found it on level 5 of the Dungeon)
 E - a +1 scale mail of cold resistance
   (You took it off an orc on level 3 of the Dungeon)
 N - a +0 kite shield (worn)
   (You took it off a gnoll sergeant on level 9 of the Dungeon)
 O - a +0 plate armour of fire resistance
   (You took it off an orc warrior on level 1 of the Orcish Mines)
Jewellery
 p - a ring of protection from fire
   (You found it on level 7 of the Dungeon)
 u - a +4 ring of evasion (right hand)
   (You found it on level 9 of the Dungeon)
 v - a +4 ring of evasion (left hand)
   (You found it on level 4 of the Dungeon)
 G - the ring of Hefuoman {rElec rF+ AC+4 Int-4 Dex+3}
   (You took it off an orc on level 7 of the Dungeon)

   [ring of protection]

   AC:        It affects your AC (+4).
   Int:       It affects your intelligence (-4).
   Dex:       It affects your dexterity (+3).
   rF:        It protects you from fire.
   rElec:     It insulates you from electricity.
Wands
 m - a wand of iceblast (20)
   (You found it on level 4 of the Dungeon)
 I - a wand of acid (3)
   (You took it off Ijyb on level 4 of the Dungeon)
Scrolls
 a - a scroll of amnesia
 b - a scroll of vulnerability {unknown}
 d - 3 scrolls of magic mapping
 s - a scroll of torment {unknown}
 t - 3 scrolls of teleportation
 x - a scroll of holy word
 z - a scroll of blinking
 D - a scroll of enchant weapon {unknown}
 L - a scroll of noise {unknown}
Potions
 f - 2 potions of mutation
 g - 2 potions of berserk rage
 l - 3 potions of brilliance
 n - 3 potions of resistance
 o - 2 potions of haste {unknown}
 q - a potion of curing
 C - a potion of flight {unknown}
 J - a potion of magic {unknown}
Miscellaneous
 c - a piece from Xom's chessboard (14/15)
 A - a lightning rod (4/4)
   (You found it on level 9 of the Dungeon)


   Skills:
 - Level 8.9 Fighting
 - Level 9.5 Axes
 + Level 8.6 Throwing
 - Level 9.1 Armour
 - Level 5.8 Dodging
 + Level 5.0 Shields
 - Level 2.0 Spellcasting
 - Level 6.0 Evocations


You had 8 spell levels left.
You knew the following spells:

 Your Spells              Type           Power      Damage    Failure   Level
a - Statue Form           Tmut/Erth      0%         N/A       100%        6

Your spell library contained the following spells:

 Spells                   Type           Power      Damage    Failure   Level
 Leda's Liquefaction      Hex/Erth       0%         N/A       100%        4
 Lee's Rapid Deconstruct  Erth           0%         3d5*      100%        5


Dungeon Overview and Level Annotations

Branches:
Dungeon (9/15)             Temple (0/1) D:6            Lair (0/6) D:8
    Orc (2/2) D:9             Elf (0/3) Orc:2

Altars:
Zin
Beogh

Annotations:
D:4 Dowan


Innate Abilities, Weirdness & Mutations

You are resistant to damage.
Your large and strong wings let you fly.
You passively map the area around you.
You regenerate magic rapidly.
You are easily found by Zot.
You are agile. (Dex +2)
You passively dampen the noise of your surroundings.


Message History

The sixfirhy closely misses you. You block the sixfirhy's attack.
Aiming: Paralyse
Press: ? - help, Shift-Dir - straight line, f/p - sixfirhy
Aim: a sixfirhy (chance to affect: 29%)
The sixfirhy easily resists.
The sixfirhy hits you but does no damage.
Aiming: Paralyse
Press: ? - help, Shift-Dir - straight line, f/p - sixfirhy
Aim: a sixfirhy (chance to affect: 29%)
The sixfirhy easily resists.
Aiming: Paralyse
Press: ? - help, Shift-Dir - straight line, f/p - sixfirhy
Aim: a sixfirhy (chance to affect: 29%)
The sixfirhy easily resists.
The now-empty wand crumbles to dust.
You block the sixfirhy's attack.
The sixfirhy hits you but does no damage.
You don't have any such object.
Evoke which item? (* to show all) (? for menu, Esc to quit)
Okay, then.
You barely miss the sixfirhy.
The sixfirhy hits you but does no damage.
You block the sixfirhy's attack. The sixfirhy barely misses you.
The sixfirhy hits you but does no damage.
The sixfirhy closely misses you.
You hit the sixfirhy. You freeze the sixfirhy.
The sixfirhy is lightly wounded.
You block the sixfirhy's attack.
You closely miss the sixfirhy.
The sixfirhy is lightly wounded.
You hit the sixfirhy but do no damage.
The sixfirhy is lightly wounded.
The sixfirhy barely misses you. x2
The sixfirhy hits you but does no damage.
You block the sixfirhy's attack.
You slash the sixfirhy! You freeze the sixfirhy.
The sixfirhy is heavily wounded.
The sixfirhy misses you. The sixfirhy closely misses you.
The sixfirhy barely misses you. You block the sixfirhy's attack.
You barely miss the sixfirhy.
The sixfirhy is moderately wounded.
You hit the sixfirhy but do no damage.
The sixfirhy is moderately wounded.
The sixfirhy barely misses you.
As you read the scroll of teleportation, it crumbles to dust.
You feel strangely unstable.
You feel the power of the Abyss delaying your translocation!
The sixfirhy hits you! The sixfirhy shocks you! The sixfirhy misses you.
You block the sixfirhy's attack. x2
You hit the sixfirhy. You freeze the sixfirhy.
The sixfirhy is heavily wounded.
The sixfirhy hits you but does no damage.
You block the sixfirhy's attack.
The sixfirhy hits you but does no damage.
You barely miss the sixfirhy.
The sixfirhy is heavily wounded. "Fight to survive, mortal."
Xom thinks this is hilarious!
You slash the chaos spawn! You freeze the chaos spawn.
The chaos spawn is moderately wounded.
You hit the quasit but do no damage. You slash the sixfirhy!
You freeze the sixfirhy. You slash the shadow imp! The sixfirhy hits you.
The sixfirhy shocks you!
* * * LOW HITPOINT WARNING * * *
The quasit misses you.
The quasit claws you but does no damage.
You block the quasit's attack. The red devil barely misses you.
The shadow imp hits you but does no damage.
The chaos spawn hits you but does no damage.
You hit the chaos spawn. You freeze the chaos spawn.
The chaos spawn is heavily wounded.
You hit the shadow imp but do no damage.
You hit the sixfirhy. You freeze the sixfirhy.
You hit the quasit but do no damage. The sixfirhy closely misses you.
The sixfirhy barely misses you. The sixfirhy hits you!
* * * LOW HITPOINT WARNING * * *
The sixfirhy shocks you!
* * * LOW HITPOINT WARNING * * *
The sixfirhy barely misses you.
The quasit bites you but does no damage.
You block the quasit's attack. x2; The chaos spawn misses you.
The shadow imp hits you but does no damage.
The red devil hits you from afar with a +0 demon trident of venom!
* * * LOW HITPOINT WARNING * * *
Barbed spikes become lodged in your body.
You block the sixfirhy's attack. The quasit misses you.
The quasit barely misses you.
The quasit claws you but does no damage.
You feel better.
You hear Xom's avuncular chuckle.
The sixfirhy evaporates and reforms as a sun demon!
You are now Xom's teddy bear.
The quasit barely misses you.
The quasit claws you but does no damage.
You block the quasit's attack. The shadow imp closely misses you.
You block the red devil's attack. You block the chaos spawn's attack.
The sun demon hits you.
* * * LOW HITPOINT WARNING * * *
You are engulfed in flames!
You die...
Xom titters!

.. . .... #.#
......... .. ..
.. . #.# #.. .
. .# # .# #
#.#. .#.#.##
#..4###..#...##
###.#5#534##
#...# .....54@#
.# ...# #
#....#5##5# 4.
. .. .... ##
#.. ....#.# # #
#.#. . ..#.. ##
... .... ..
#...#.#.......
.. . .#. .. ..
... .... .# .#.
#.


You could see a sun demon, a rust devil (summoned), a chaos spawn (summoned), a
red devil (summoned), an iron imp (summoned), a quasit (summoned) and 2 shadow
imps.

Vanquished Creatures
  Gastronok (D:9)
  An orc knight (Orc:1)
  Joseph (D:9)
  A kobold demonologist (D:9)
  A hornet (D:7)
  3 trolls
  Prince Ribbit (D:8)
  A wraith (D:9)
  4 yaks (D:9)
  Eustachio (D:6)
  A shadow (D:9)
  A steam dragon (D:6)
  4 ice beasts
  12 orc warriors
  A sky beast (D:8)
  2 black bears
  8 ogres
  A tengu (Orc:2)
  A centaur (D:7)
  A wolf (D:8)
  2 phantoms (D:9)
  A kobold brigand (D:9)
  A gnoll sergeant (D:9)
  A scorpion (D:4)
  A necrophage (D:7)
  15 wights
  2 troll zombies (D:9)
  2 electric eels (D:8)
  2 howler monkeys
  3 jellies
  9 orc priests
  6 hounds
  A gnoll shaman (D:7)
  Jessica (D:2)
  Ijyb (D:4)
  4 iguanas
  8 orc wizards
  2 ogre zombies (D:9)
  9 gnolls
  4 adders
  A shadow imp (D:6)
  2 white imps (D:6)
  3 worms
  A dart slug (D:5)
  39 orcs
  An endoplasm (D:2)
  A goblin (D:4)
  4 hobgoblins
  8 jackals
  2 quokkas
  8 ball pythons
  A bat (D:1)
  3 frilled lizards
  A goblin skeleton (D:9)
  2 hobgoblin zombies (D:9)
  4 kobolds
  An orc skeleton (D:9)
  9 orc zombies (D:9)
  3 rats
216 creatures vanquished.

Vanquished Creatures (collateral kills)
  A centaur warrior (D:8)
  An orc warrior (Orc:1)
  A hound (D:6)
  An orc wizard (Orc:1)
  A gnoll (D:7)
  2 orcs (D:7)
  A goblin skeleton (D:9)
  A goblin zombie (D:9)
  An orc zombie (D:9)
10 creatures vanquished.

Vanquished Creatures (others)
  An acid dragon (D:8)
  An orc wizard (D:6)
  An ogre zombie (D:9)
3 creatures vanquished.

Grand Total: 229 creatures vanquished

Notes
Turn   | Place    | Note
-------+----------+-------------------------------------------
     0 | D:1      | Flugkiller the Mayflytaur Chaos Knight began the quest for
                  | the Orb.
     0 | D:1      | Reached XP level 1. HP: 21/21 MP: 2/2
    98 | D:1      | Glimpsed the power of Zot.
   100 | D:1      | Reached XP level 2. HP: 25/28 MP: 3/3
   165 | D:2      | Noticed Jessica
   170 | D:2      | Killed Jessica
   171 | D:2      | Reached XP level 3. HP: 31/34 MP: 4/4
   185 | D:2      | Reached skill level 5 in Axes
   197 | D:2      | Glimpsed the power of Zot.
   592 | D:3      | Reached XP level 4. HP: 38/42 MP: 1/5
   669 | D:3      | Found a glowing silver altar of Zin.
   686 | D:4      | Noticed a necrophage
   687 | D:4      | Noticed Dowan
   688 | D:4      | XOM: divination: magic mapping
   708 | D:3      | Reached XP level 5. HP: 12/49 MP: 2/6
   828 | D:3      | XOM: cloud trail
   935 | D:4      | Gained mutation: You regenerate magic rapidly. [Mayflytaur
                  | growth]
   935 | D:4      | Reached XP level 6. HP: 42/57 MP: 2/7
  1056 | D:3      | XOM: cast spell 'Summon Mana Viper'
  1107 | D:4      | Noticed Ijyb
  1116 | D:4      | Killed Ijyb
  1129 | D:4      | XOM: silly message
  1280 | D:5      | Entered Level 5 of the Dungeon
  1284 | D:5      | XOM: confuse monster(s)
  1295 | D:5      | XOM: cast spell 'Metabolic Englaciation'
  1303 | D:5      | Reached skill level 1 in Evocations
  1303 | D:5      | Reached XP level 7. HP: 55/66 MP: 8/8
  1307 | D:5      | XOM: potion effect (haste)
  1344 | D:5      | Gained mutation: You passively dampen the noise of your
                  | surroundings. [potion of mutation]
  1344 | D:5      | Gained mutation: You are agile. (Dex +2) [potion of
                  | mutation]
  1417 | D:5      | Reached skill level 5 in Fighting
  1465 | D:5      | XOM: scenery: summon butterflies
  1470 | D:5      | XOM: fog
  1534 | D:5      | Reached skill level 5 in Armour
  1534 | D:5      | Reached XP level 8. HP: 33/74 MP: 9/9
  1557 | D:5      | XOM: silly message
  1617 | D:6      | XOM: confusion
  1619 | D:6      | XOM: snakes to sticks
  1643 | D:6      | XOM: enchant monster (good)
  1735 | D:6      | XOM: noise
  1753 | D:6      | Reached skill level 5 in Dodging
  1790 | D:6      | Found a staircase to the Ecumenical Temple.
  1803 | D:6      | XOM: cast spell 'Alistair's Intoxication'
  1985 | D:7      | Identified the ring of Hefuoman {rElec rF+ AC+4 Int-4
                  | Dex+3}
  1988 | D:7      | XOM: confuse monster(s)
  2012 | D:7      | Reached skill level 5 in Evocations
  2075 | D:7      | Noticed a hornet
  2083 | D:7      | Killed a hornet
  2092 | D:7      | XOM: enchant monster (good)
  2102 | D:6      | XOM: cast spell 'Statue Form'
  2104 | D:6      | Noticed Eustachio
  2105 | D:6      | Gained mutation: You passively map the area around you.
                  | [Mayflytaur growth]
  2105 | D:6      | Reached XP level 9. HP: 81/81 MP: 10/10
  2105 | D:6      | XOM: divination: detect items
  2111 | D:6      | XOM: summons friendly white imp
  2116 | D:6      | Killed Eustachio
  2368 | D:7      | XOM: cast spell 'Summon Ice Beast'
  2425 | D:8      | XOM: confuse monster(s)
  2444 | D:8      | Noticed Prince Ribbit
  2445 | D:8      | XOM: silly message
  2451 | D:8      | XOM: enchant monster (good)
  2456 | D:8      | Noticed a troll
  2460 | D:8      | XOM: cast spell 'Metabolic Englaciation'
  2461 | D:8      | Killed a troll
  2464 | D:8      | Killed Prince Ribbit
  2473 | D:8      | Reached XP level 10. HP: 68/94 MP: 11/11
  2548 | D:8      | You are sucked into a shaft and drop 1 floor!
  2587 | D:9      | XOM: noise
  2594 | D:9      | Noticed a kobold demonologist
  2595 | D:9      | Noticed Gastronok
  2597 | D:9      | Noticed a sixfirhy
  2608 | D:9      | Killed a kobold demonologist
  2608 | D:9      | XOM: cast spell 'Cause Fear'
  2624 | D:9      | Killed Gastronok
  2651 | D:9      | Learned a level 6 spell: Statue Form
  2707 | D:9      | Noticed Joseph
  2708 | D:9      | XOM: summons friendly ufetubus
  2716 | D:9      | Paralysed by Joseph for 3 turns
  2717 | D:9      | XOM: polymorph ufetubus -> shadow imp
  2725 | D:9      | Reached skill level 1 in Spellcasting
  2727 | D:9      | Killed Joseph
  2758 | D:9      | Found a staircase to the Orcish Mines.
  2763 | D:9      | XOM: enchant monster (good)
  2900 | D:8      | Found a staircase to the Lair.
  2996 | D:8      | Reached skill level 1 in Throwing
  3000 | D:8      | Noticed a centaur warrior
  3005 | D:8      | XOM: summons 9 friendly demons
  3010 | D:8      | Killed a centaur warrior
  3011 | D:8      | Reached XP level 11. HP: 65/104 MP: 15/15
  3026 | D:8      | Reached skill level 5 in Throwing
  3048 | D:8      | XOM: enchant monster (good)
  3240 | D:9      | Reached skill level 1 in Shields
  3359 | Orc:1    | Entered Level 1 of the Orcish Mines
  3363 | Orc:1    | XOM: cast spell 'Monstrous Menagerie'
  3454 | Orc:1    | Glimpsed the power of Zot.
  3460 | Orc:1    | XOM: enchant monster (good)
  3532 | Orc:2    | Entered Level 2 of the Orcish Mines
  3552 | Orc:1    | Glimpsed the power of Zot.
  3553 | Orc:1    | Noticed an orc knight
  3559 | Orc:1    | XOM: summons friendly shadow imp
  3567 | Orc:1    | XOM: confuse monster(s)
  3590 | Orc:1    | XOM: swap monsters
  3591 | Orc:1    | Killed an orc knight
  3626 | Orc:1    | Noticed an orc sorcerer
  3630 | Orc:1    | XOM: smoke on damage
  3681 | Orc:2    | XOM: 1-stop teleportation journey
  3707 | Orc:2    | XOM: swap monsters
  3762 | Orc:2    | XOM: polymorph orc warrior -> tengu
  3769 | Orc:2    | Noticed an orc knight
  3773 | Orc:2    | Reached skill level 5 in Shields
  3782 | Orc:2    | Cast into level 2 of the Abyss (Xom)
  3782 | Abyss:2  | Found a corrupted altar of Lugonu.
  3784 | Abyss:2  | Noticed a sixfirhy
  3791 | Abyss:2  | XOM: summons 6 hostile demons
  3815 | Abyss:2  | XOM: summons 6 hostile demons
  3817 | Abyss:2  | HP: 1/96 [red devil/+0 demon trident of venom[Xom] (7)]
  3818 | Abyss:2  | Noticed a sun demon
  3818 | Abyss:2  | a sixfirhy changed into a sun demon
  3818 | Abyss:2  | XOM: polymorph sixfirhy -> sun demon
  3818 | Abyss:2  | Slain by a sun demon

Illustrated notes

Levels and vault maps discovered:
D:1:      lightli_arrival_isolated_outpost, layout_loops_ring,
          dreamdust_ecumenical_altar_hidden_monk_grotto, grunt_decor_clamped,
          minmay_three_crescents
D:2:      layout_loops_corners, uniq_jessica
D:3:      layout_basic, zin_treasury
D:4:      layout_cave_pools, uniq_duvessa, uniq_ijyb
D:5:      layout_basic, hangedman_abyss_or_decor_stabs,
          kennysheep_generic_room_4
D:6:      layout_basic, minmay_temple_entry_grid, minmay_misc_feat_more_columns,
          st_stairs_4, uniq_eustachio
D:7:      layout_layer_cave
D:8:      layout_gridville, erik_lair_island, uniq_prince_ribbit1
D:9:      layout_layer_cave, zombieorc1_lemuel, eino_house_with_fridge,
          uniq_gastronok, uniq_joseph
Orc:1:    layout_caves, lemuel_statue_altar
Orc:2:    st_orc_elflike, layout_diamond_mine, serial_shops, shop,
          library_closet
Abyss:2:  base: Temple, minivault_5

Skill      XL: |  1  2  3  4  5  6  7  8  9 10 11 |
---------------+----------------------------------+-----
Axes           | 4 5 6 8 9 |  9.5
Armour         | 3 5 6 8 9 |  9.1
Dodging        | 2 3 4 5 |  5.8
Fighting       | 4 5 7 8 |  8.9
Evocations     | 1 3 5 6 |  6.0
Spellcasting   | 2 |  2.0
Throwing       | 4 8 |  8.6
Shields        | 5 |  5.0

Action                   |  1- 3 |  4- 6 |  7- 9 | 10-12 || total
-------------------------+-------+-------+-------+-------++-------
Melee: Hand axe          |    49 |   120 |    50 |       ||   219
       Punch             |     1 |     2 |     5 |     6 ||    14
       Morningstar       |       |    12 |       |       ||    12
       War axe           |       |     9 |   187 |   332 ||   528
       Whip              |       |       |    27 |       ||    27
Throw: Boomerang         |       |       |       |    16 ||    16
Evoke: Piece from Xom's  |       |     3 |     8 |     1 ||    12
       Wand              |       |       |     5 |     5 ||    10
  Use: Scroll            |       |     7 |     4 |     8 ||    19
       Potion            |       |       |     2 |     6 ||     8
 Stab: Sleeping          |       |     1 |       |       ||     1
       Paralysed         |       |     3 |     6 |     3 ||    12
       Confused          |       |     1 |     2 |     1 ||     4
       Distracted        |       |       |     2 |     2 ||     4
Armor: Leather armour    |    19 |    31 |       |       ||    50
       Scale mail        |       |     8 |    98 |       ||   106
       Plate armour      |       |       |   122 |   179 ||   301
       Skin              |       |       |    11 |       ||    11
Dodge: Dodged            |    33 |   131 |   234 |   250 ||   648
Block: Kite shield       |       |       |       |   127 ||   127

Table legend: (Time is in decaauts)
 A = Elapsed time spent in this place.
 B = Non-inter-level travel time spent in this place.
 C = Inter-level travel time spent in this place.
 D = Time resting spent in this place.
 E = Time spent auto-exploring this place.
 F = Levels seen in this place.
 G = Mean time per level.
                   A        B        C        D        E       F      G
               +--------+--------+--------+--------+--------+-----+--------+
         Total |   3897 |   3675 |    222 |      0 |      0 |  12 |  324.8 |
       Dungeon |   3405 |   3196 |    209 |      0 |      0 |   9 |  378.3 |
  Orcish Mines |    453 |    440 |     13 |      0 |      0 |   2 |  226.5 |
         Abyss |     38 |     38 |      0 |      0 |      0 |   1 |   38.0 |
               +--------+--------+--------+--------+--------+-----+--------+

Top non-repeatable levels by time:
     D:9: 496 daAuts
     D:7: 450 daAuts
     D:6: 440 daAuts
     D:8: 440 daAuts
     D:3: 411 daAuts
     D:2: 358 daAuts
     D:4: 356 daAuts
   Orc:1: 293 daAuts
     D:5: 290 daAuts
     D:1: 161 daAuts
   Orc:2: 159 daAuts
 Abyss:2: 38 daAuts
